Map: Deathaura LE

Players

soul - Winner!

  • Race: Terran Terran
  • League: Grandmaster
  • Spawn Location: 11:00

Geralt (Gerald)

  • Race: Protoss Protoss
  • League: Grandmaster
  • Spawn Location: 5:00

Event: DreamHack SC2 Masters 2020 Winter

VOD

Have the link to the VOD?

Description

Time

  • Played on: Nov. 4, 2020, 2:34 p.m.
  • Length: 10:19

All games in this series

Show
View Real Time Build Order
Export as new Build Order

soul Terran - Winner!

Build Orders: Reaper Expand 

Get SALT Encoding   

  12  0:00  SCV  
  13  0:12  SCV  
  14  0:17  Supply Depot  
  14  0:24  SCV  
  15  0:38  SCV  
  15  0:40  Barracks  
  16  0:44  Refinery  
  16  0:50  SCV  
  17  1:02  SCV  
  18  1:14  SCV  
  19  1:27  Reaper  
  19  1:28  Orbital Command  
  20  1:38  Command Center  
  20  1:47  Supply Depot  
  20  1:53  SCV  
  21  1:59  Marine  
  22  2:05  SCV  
  22  2:07  Factory  
  23  2:11  Refinery  
  23  2:15  Bunker  
  23  2:19  SCV  
  23  2:22  Barracks Reactor  
  24  2:31  SCV  
  25  2:44  SCV  
  26  2:52  Orbital Command, Hellion  
  26  2:54  Starport  
  26  2:57  Marine  
  29  2:58  Marine  
  30  3:07  SCV  
  31  3:15  Marine, Factory Tech Lab  
  31  3:16  Marine  
  31  3:17  SCV  
  31  3:19  SCV  
  33  3:29  SCV  
  33  3:31  SCV  
  33  3:33  Marine  
  36  3:34  Marine  
  37  3:41  SCV  
  37  3:43  SCV  
  37  3:47  Factory Tech Lab  
  37  3:49  Raven  
  37  3:51  Marine  
  37  3:52  Marine  
  37  3:53  Supply Depot, SCV  
  42  3:55  SCV  
  43  4:05  Siege Tank  
  43  4:06  Supply Depot  
  46  4:13  Supply Depot  
  46  4:15  SCV x2  
  48  4:17  Marine  
  48  4:18  Supply Depot, Marine  
  50  4:27  SCV  
  50  4:28  SCV  
  52  4:31  Banshee  
  52  4:35  Cloaking Field  
  55  4:39  SCV  
  55  4:41  Supply Depot, Marine  
  55  4:44  SCV  
  55  4:45  Marine, Command Center  
  58  4:51  SCV  
  60  4:53  Supply Depot  
  60  4:56  SCV  
  60  4:59  Siege Tank  
  63  5:06  SCV, Refinery  
  64  5:09  Barracks  
  64  5:11  Barracks  
  64  5:14  SCV  
  64  5:19  Banshee  
  64  5:20  SCV  
  69  5:22  Marine, Refinery  
  69  5:27  SCV  
  71  5:28  Supply Depot  
  71  5:32  SCV  
  72  5:39  SCV  
  72  5:40  Marine, Engineering Bay x2  
  72  5:42  Marine  
  74  5:44  SCV  
  75  5:55  SCV, Barracks  
  75  5:56  Barracks  
  76  5:58  Marine  
  76  6:01  Barracks Tech Lab  
  77  6:04  Factory Reactor  
  77  6:05  SCV  
  77  6:11  Orbital Command  
  77  6:14  Marine  
  77  6:15  SCV  
  77  6:18  SCV  
  80  6:19  Combat Shield, Stimpack  
  80  6:21  Marine  
  80  6:22  Marine  
  80  6:25  Marine  
  83  6:27  SCV  
  83  6:28  Starport Reactor  
  83  6:30  SCV  
  83  6:31  Marine  
  86  6:32  Orbital Command  
  86  6:33  Missile Turret, Terran Infantry Armor Level 1, Terran Infantry Weapons Level 1  
  86  6:37  Missile Turret  
  86  6:39  Marine, SCV  
  88  6:40  Marine  
  88  6:42  SCV  
  88  6:44  Marauder  
  88  6:45  Barracks Reactor  
  88  6:47  Barracks Tech Lab  
  92  6:48  Widow Mine x2  
  92  6:51  SCV  
  97  6:56  Bunker  
  97  6:57  SCV  
  97  6:58  Bunker  
  97  6:59  Marine  
  97  7:00  Marauder  
  97  7:01  Marine  
  102  7:03  SCV  
  102  7:05  Medivac, Marine  
  102  7:06  Marauder  
  105  7:10  Medivac  
  105  7:11  SCV  
  108  7:15  SCV  
  108  7:17  Marine  
  108  7:19  Marine  
  108  7:20  SCV  
  114  7:23  Widow Mine  
  114  7:24  SCV  
  117  7:33  SCV x2, Supply Depot  
  117  7:35  Medivac, Supply Depot  
  117  7:36  Supply Depot  
  121  7:39  Widow Mine  
  121  7:40  Medivac  
  121  7:42  Armory  
  121  7:43  SCV  
  124  7:45  Widow Mine, SCV  
  124  7:48  Marauder x2  
  131  7:53  Refinery x2  
  131  7:55  Concussive Shells  
  131  7:57  SCV  
  129  8:03  Supply Depot  
  129  8:04  Widow Mine, Supply Depot  
  129  8:05  Medivac, Supply Depot  
  133  8:06  Widow Mine  
  133  8:09  Marauder x2  
  133  8:10  Medivac  
  141  8:13  Marauder  
  143  8:26  Widow Mine, Ghost Academy  
  143  8:27  Marine  
  145  8:29  Marine  
  145  8:30  Marauder, Command Center  
  145  8:32  Marine  
  148  8:35  Medivac, Marine  
  148  8:37  Marauder  
  148  8:38  Marine  
  156  8:44  Marine  
  156  8:47  Marine  
  158  8:52  Marauder  
  158  8:55  Marine  
  160  8:57  Marauder, Viking  
  160  9:00  Ghost  
  165  9:03  Marine  
  165  9:04  Viking  
  165  9:08  Marine  
  167  9:10  Marine  
  167  9:12  Marine  
  167  9:13  Marine, SCV  
  170  9:18  Marauder  
  170  9:19  SCV  
  170  9:21  Marine  
  174  9:26  Marine  
  174  9:28  Marine  
  174  9:29  Marauder  
  174  9:30  Medivac  
  174  9:31  Marauder  
  180  9:33  Marine  
  169  9:39  Marine, Marauder  
  169  9:43  Marine  
  159  9:46  Marine  
  159  9:50  Widow Mine x2  
  163  9:51  Marauder  
  163  9:52  Marauder  
Show
View Real Time Build Order
Export as new Build Order

Geralt Protoss 

Build Orders: 1 Gate Expand, Blink Stalkers, Zealot Archon, Dark Templar Rush 

Get SALT Encoding   

  12  0:00  Probe  
  13  0:12  Probe  
  14  0:18  Pylon  
  14  0:24  Probe (Chrono Boost)  
  15  0:37  Gateway  
  15  0:38  Probe (Chrono Boost)  
  16  0:43  Probe (Chrono Boost)  
  16  0:46  Assimilator  
  17  0:53  Probe  
  18  1:05  Probe  
  19  1:17  Probe  
  20  1:23  Cybernetics Core  
  20  1:29  Probe  
  21  1:35  Nexus  
  21  1:41  Pylon  
  21  1:45  Probe  
  22  1:51  Assimilator  
  22  1:57  Adept (Chrono Boost)  
  22  1:58  Probe  
  25  2:06  Warp Gate  
  25  2:10  Probe  
  26  2:17  Adept (Chrono Boost)  
  26  2:22  Probe  
  29  2:29  Twilight Council  
  29  2:34  Probe  
  30  2:39  Pylon  
  30  2:47  Adept (Chrono Boost), Probe  
  30  2:48  Probe  
  34  2:59  Probe  
  34  3:00  Probe  
  35  3:06  Dark Shrine  
  35  3:11  Probe  
  34  3:13  Probe  
  35  3:23  Probe  
  35  3:26  Probe  
  35  3:35  Probe  
  35  3:36  Gateway  
  35  3:38  Probe  
  35  3:40  Assimilator  
  37  3:45  Blink (Chrono Boost)  
  37  3:47  Probe  
  36  3:50  Probe  
  36  3:53  Gateway  
  37  3:58  Robotics Facility  
  37  3:59  Probe  
  37  4:02  Probe  
  39  4:08  Stalker  
  41  4:11  Probe  
  41  4:14  Probe  
  43  4:23  Probe  
  44  4:26  Probe  
  44  4:31  Dark Templar  
  47  4:32  Dark Templar  
  47  4:35  Probe  
  47  4:37  Pylon  
  50  4:41  Probe  
  51  4:47  Nexus  
  51  4:48  Probe  
  51  4:49  Observer  
  53  5:00  Stalker  
  53  5:01  Probe  
  53  5:02  Probe  
  57  5:09  Forge  
  57  5:12  Stalker x2  
  57  5:13  Probe  
  62  5:19  Pylon  
  62  5:32  Charge (Chrono Boost)  
  62  5:37  Protoss Ground Armor Level 1 (Chrono Boost), Probe x2  
  64  5:46  Gateway  
  64  5:49  Gateway, Probe x2  
  66  5:50  Gateway  
  66  5:56  Gateway  
  66  5:57  Gateway  
  66  6:01  Probe x2  
  66  6:03  Probe  
  69  6:13  Shield Battery, Probe x2  
  69  6:16  Observer (Chrono Boost), Probe  
  68  6:25  Probe x2  
  68  6:28  Probe  
  68  6:31  Photon Cannon  
  69  6:35  Photon Cannon  
  69  6:37  Probe x2  
  69  6:38  Forge  
  71  6:40  Probe  
  71  6:45  Archon, Dark Templar  
  71  6:46  Dark Templar x3  
  80  6:47  Zealot  
  80  6:49  Probe x2  
  80  6:52  Probe  
  81  7:02  Probe x2  
  81  7:04  Probe  
  82  7:11  Zealot  
  82  7:14  Warp Prism (Chrono Boost), Probe  
  84  7:15  Pylon  
  84  7:16  Pylon  
  84  7:19  Pylon  
  84  7:21  Archon x2  
  84  7:23  Pylon  
  84  7:25  Protoss Ground Weapons Level 1 (Chrono Boost)  
  84  7:26  Photon Cannon  
  84  7:27  Probe  
  85  7:32  Assimilator  
  85  7:33  Probe  
  85  7:36  Zealot x2  
  85  7:37  Zealot  
  92  7:46  Zealot x2  
  92  7:47  Zealot x2  
  94  8:05  Zealot x4  
  102  8:06  Zealot  
  102  8:07  Zealot  
  102  8:08  Zealot  
  102  8:11  Zealot  
  110  8:22  Templar Archives  
  106  8:38  Immortal  
  110  8:48  Probe  
  110  8:49  Observer  
  110  8:54  Nexus  
  110  8:55  Pylon  
  110  9:00  Assimilator  
  110  9:01  Pylon  
  109  9:09  Zealot x8  
  115  9:34  Zealot x8  
Tags
 
Add a new tag
Caveats
  • Supply blocks, unpowered buildings, or Contaminate may cause inaccurate times.
  • Supply counts are checked every 10 seconds.